 Dungeon Crawl Stone Soup version 0.31-a0-1074-g0b22e4e0f1 (webtiles) character file.

Game seed: 3920245189797358596

31472 grandjackal the Warrior (level 13, -2/110 HPs)
             Began as a Djinni Cinder Acolyte on Nov 29, 2023.
             Was a High Priest of Ignis.
             Slain by a +2 spectral lajatang (20 damage)
             ... created by Agnes
             ... on level 14 of the Dungeon.
             The game lasted 00:40:22 (17230 turns).

grandjackal the Warrior (Djinni Cinder Acolyte)    Turns: 17230, Time: 00:40:23

Health: -2/110     AC: 11    Str: 13    XL:     13   Next: 96%
Gold:   1538       EV: 26    Int: 21    God:    Ignis [*****.] SH:  0 Dex:  9

rFire   + + +        o - +2 trident (drain)
rCold   . . .        v - orb {light}
rNeg    . . .        H - +1 robe {rC+}
rPois   ∞            k - +0 helmet
rElec   .            A - +1 cloak
rCorr   .            p - +0 pair of gloves
SInv    .            (boots unavailable)
Will    +....        n - amulet of the acrobat
Stlth   +            O - +4 ring of protection
HPRegen 0.38/turn    (no ring)
MPRegen 0.00/turn

%: acrobat, infuse magic (-3 HP)
@: about to teleport, acrobatic, flying, glowing
A: sickness immunity, fire resistance 2, cold vulnerability 1, float, innate
caster, HP casting, extra vitality 1
a: Renounce Religion, Fiery Armour, Foxfire Swarm, Rising Flame


You were on level 14 of the Dungeon.
You worshipped Ignis.
Ignis was extremely pleased with you.
You visited 1 branch of the dungeon, and saw 15 of its levels.

You collected 1538 gold pieces.

Inventory:

Hand Weapons
 a - a -1 spear of flaming
 d - a +2 dagger of draining
 o - a +2 trident of draining (weapon)
 G - a +3 spear of freezing
Missiles
 z - 2 throwing nets
Armour
 b - a scarf of shadows
 k - a +0 helmet (worn)
 p - a +0 pair of gloves (worn)
 v - an orb of light (worn)
 y - the +4 ring mail "Ugut" {Drain Str+6 Int+3}
   (You found it on level 4 of the Dungeon)

   Str+6:     It affects your strength (+6).
   Int+3:     It affects your intelligence (+3).
   Drain:     It drains your maximum health when unequipped.
 A - a +1 cloak (worn)
 H - a +1 robe of cold resistance (worn)
Jewellery
 n - an amulet of the acrobat (around neck)
 L - a ring of ice
 O - a +4 ring of protection (left hand)
 P - a ring of protection from fire
 T - a ring of ice
Wands
 q - a wand of roots (6)
 u - a wand of polymorph (30)
 B - a wand of quicksilver (32)
 F - a wand of charming (8)
 M - a wand of mindburst (9)
Scrolls
 f - a scroll of butterflies {unknown}
 g - 3 scrolls of fog
 i - 2 scrolls of teleportation
 j - a scroll of fear {unknown}
 s - a scroll of poison {unknown}
 t - a scroll of noise {unknown}
 w - 3 scrolls of revelation
 C - a scroll of vulnerability {unknown}
 D - a scroll of silence {unknown}
 E - a scroll of blinking {unknown}
 J - 3 scrolls of enchant armour {unknown}
 K - a scroll of amnesia {unknown}
 S - a scroll of acquirement {unknown}
Potions
 c - 2 potions of might
 e - 2 potions of mutation
 h - a potion of cancellation {unknown}
 l - 2 potions of brilliance {unknown}
 m - a potion of heal wounds
 r - a potion of ambrosia {unknown}
 x - a potion of enlightenment
 I - 2 potions of attraction
 N - a potion of berserk rage {unknown}
 Q - a potion of magic {unknown}
 R - a potion of curing


   Skills:
 + Level 16.2 Fighting
 - Level 2.4 Polearms
 + Level 12.4 Spellcasting
 + Level 12.4 Conjurations
 + Level 12.4 Hexes
 + Level 12.4 Summonings
 + Level 12.4 Necromancy
 + Level 12.4 Translocations
 + Level 12.4 Transmutations
 + Level 12.4 Fire Magic
 + Level 12.4 Ice Magic
 + Level 12.4 Air Magic
 + Level 12.4 Earth Magic
 + Level 12.4 Poison Magic


You knew the following spells:

 Your Spells              Type           Power      Damage    Failure   Level
a - Scorch                Fire           100%       2d9       1%          2
b - Foxfire               Conj/Fire      100%       2x1d9     1%          1
c - Blink                 Tloc           100%       N/A       1%          2
d - Frozen Ramparts       Ice            100%       1d16      1%          3
e - Olgreb's Toxic Radia  Pois           60%        N/A       1%          4
f - Petrify               Tmut/Erth      60%        N/A       1%          4
g - Freezing Cloud        Conj/Ice/Air   30%        6-21      1%          5
Your spell library was empty.

Dungeon Overview and Level Annotations

Branches:
Dungeon (15/15)            Temple (0/1) D:6             Orc (0/2) D:11
 Vaults (0/5) D:13
   Lair: D:8-11      Depths: D:15

Altars:
Ashenzari
Cheibriados
Dithmenos
Makhleb
Nemelex Xobeh
Okawaru
Qazlal
Xom

Shops:
D:2 *   D:7 :

Portals:
Trove: D:14 (give 8 potions of haste)

Annotations:
D:3 2 transporters, pigah's ghost, amateur OpSh
D:9 exclusion: ice statue
D:12 3 runed translucent doors, sammy202020's ghost, journeyman MiFi
D:13 Rupert
D:14 Agnes


Innate Abilities, Weirdness & Mutations

You are immune to sickness and miasma.
You are immune to poison.
Your flesh is very heat resistant. (rF++)
You are vulnerable to cold. (rC-)
You float through the air rather than walking.
You learn spells naturally, not from books.
Your magical power is your life essence.
You have superior vitality. (+4 MHP)


Message History

Agnes hits you with a +2 spectral lajatang!
The +2 spectral lajatang hits you.
You fly upwards.
The +2 spectral lajatang disappears.
There is a stone staircase leading down here.
Unknown command.
Casting: Freezing Cloud (mildly dangerous; 1% risk of failure)
Confirm with . or Enter, or press ? or * to list all spells.
You blink.
Casting: Blink (safe; 1% risk of failure)
Confirm with . or Enter, or press ? or * to list all spells.
Casting: Frozen Ramparts (safe; 1% risk of failure)
Press: ? - help, Dir - look around, f - activate This square is lit by a halo.
The walls around you are covered in ice.
You feel ready to blink again.
The wall freezes Agnes but does no damage.
Agnes hits you with a +2 spectral lajatang!!
The wall freezes Agnes.
Agnes hits you with a +2 spectral lajatang!!
Unknown command.
Casting: Frozen Ramparts (safe; 1% risk of failure)
Confirm with . or Enter, or press ? or * to list all spells.
You blink.
The frozen ramparts melt away as you move.
Agnes asks, "Have you seen my kris anywhere?"
Casting: Blink (safe; 1% risk of failure)
Confirm with . or Enter, or press ? or * to list all spells.
Okay, then.
As you read the scroll of teleportation, it crumbles to dust.
You feel strangely unstable.
You feel ready to blink again. Agnes barely misses you.
The +2 spectral lajatang hits you! Agnes closely misses you.
The +2 spectral lajatang hits you!
* * * LOW HITPOINT WARNING * * *
A +2 spectral lajatang comes into view.
The +2 spectral lajatang disappears.
Agnes hits you with a +2 spectral lajatang!
* * * LOW HITPOINT WARNING * * *
The +2 spectral lajatang hits you!!
You die...

########### #####
#.........#
....#####......####
.................#
...####.....####.#
...#>.##...##.<#.#
...#...#...#...#.#
...##.'#...#'.##@#
....###.....###(i#
.................#
.........8.......#
................##
....###.....#####
...##..#...#..##
...#...#...#.()#
...#<.##...##.>#


You could see Agnes and a +2 spectral lajatang (wandering).

Vanquished Creatures
  2 hydras
  A vault guard (D:13)
  A boulder beetle (D:14)
  A two-headed ogre (D:10)
  6 centaur warriors
  Lodul (D:13)
  A glowing orange brain (D:13)
  3 deep elf pyromancers
  Pikel (D:7)
  6 ugly things
  3 cyclopes
  2 manticores
  Maurice (D:7)
  A black mamba (shapeshifter) (D:13)
  A gargoyle (D:12)
  Jeremiah (D:7)
  2 orange demons (D:11)
  An unseen horror (D:13)
  3 komodo dragons
  An efreet (D:13)
  A kobold demonologist (D:11)
  6 trolls
  Grinder (D:5)
  11 slime creatures
  Sigmund (D:2)
  A centaur simulacrum (D:14)
  A vampire (D:7)
  Eustachio (D:5)
  2 shadows
  20 yaks
  2 vampire mosquitoes (D:14)
  Menkaure (D:5)
  An acid dragon (D:9)
  Duvessa (D:7)
  3 water moccasins
  A hornet zombie (D:5)
  5 black bears (D:11)
  6 orc warriors
  A sky beast (D:8)
  An ice beast (D:6)
  11 ogres
  20 centaurs
  A kobold brigand (D:11)
  A bullfrog (D:6)
  2 gnoll sergeants
  3 scorpions
  2 water moccasin zombies (D:5)
  3 wights (D:6)
  Dowan (D:7)
  9 killer bees (D:10)
  4 howler monkeys
  5 hounds
  A quasit (D:11)
  2 bullfrog zombies (D:5)
  A jelly (D:6)
  A centaur skeleton (D:5)
  10 orc priests
  3 sleepcaps
  A bullfrog skeleton (D:5)
  2 iguanas
  Terence (D:2)
  2 scorpion zombies (D:5)
  11 orc wizards
  2 hound zombies (D:5)
  A hound skeleton (D:5)
  Robin (D:2)
  A howler monkey zombie (D:5)
  6 adders
  12 gnolls
  2 white imps (D:6)
  8 ufetubi
  A dart slug (D:1)
  38 orcs
  6 ball pythons
  8 endoplasms
  5 giant cockroaches
  21 goblins
  12 hobgoblins
  6 jackals (D:1)
  2 quokkas
  3 bats
  5 frilled lizards
  13 kobolds
  9 rats
365 creatures vanquished.

Vanquished Creatures (others)
  A centaur warrior (D:13)
  39 foxfires
40 creatures vanquished.

Grand Total: 405 creatures vanquished

Notes
Turn   | Place    | Note
-------+----------+-------------------------------------------
     0 | D:1      | grandjackal the Djinni Cinder Acolyte began the quest for
                  | the Orb.
     0 | D:1      | grandjackal set off with the following spells memorised:
                  | Scorch.
     0 | D:1      | Reached XP level 1. HP: 20/20 MP: 0/0
    38 | D:1      | Reached XP level 2. HP: 23/25 MP: 0/0
   232 | D:1      | Reached XP level 3. HP: 28/30 MP: 0/0
   232 | D:1      | Learned a level 1 spell: Foxfire
  1093 | D:2      | Reached XP level 4. HP: 33/37 MP: 0/0
  1235 | D:2      | Reached skill level 4 in Fighting
  1257 | D:2      | Found Sunaliel's General Store.
  1294 | D:2      | Noticed Robin
  1342 | D:2      | Killed Robin
  1618 | D:2      | Noticed Terence
  1640 | D:2      | Killed Terence
  1641 | D:2      | Reached XP level 5. HP: 9/42 MP: 0/0
  1641 | D:2      | Learned a level 2 spell: Blink
  1851 | D:2      | Noticed Sigmund
  1988 | D:2      | Killed Sigmund
  1989 | D:2      | Reached skill level 5 in Fighting
  1989 | D:2      | Reached XP level 6. HP: 28/49 MP: 0/0
  2370 | D:3      | Noticed pigah's ghost (amateur OpSh)
  2370 | D:3      | Found a transporter.
  2477 | D:3      | Found a transporter.
  2537 | D:3      | Found a shimmering altar of Xom.
  2547 | D:3      | Found a broken altar of Ashenzari.
  3550 | D:4      | Reached XP level 7. HP: 44/54 MP: 0/0
  3550 | D:4      | Learned a level 3 spell: Frozen Ramparts
  3652 | D:4      | Identified the +4 ring mail "Ugut" {Drain Str+6 Int+3}
  3935 | D:5      | Entered Level 5 of the Dungeon
  3940 | D:5      | Reached skill level 6 in Fighting
  4043 | D:5      | Noticed Menkaure
  4045 | D:5      | Reached XP level 8. HP: 41/62 MP: 0/0
  4048 | D:5      | Reached skill level 5 in Spellcasting
  4048 | D:5      | Reached skill level 5 in Conjurations
  4048 | D:5      | Reached skill level 5 in Hexes
  4048 | D:5      | Reached skill level 5 in Summonings
  4048 | D:5      | Reached skill level 5 in Necromancy
  4048 | D:5      | Reached skill level 5 in Translocations
  4048 | D:5      | Reached skill level 5 in Transmutations
  4048 | D:5      | Reached skill level 5 in Fire Magic
  4048 | D:5      | Reached skill level 5 in Ice Magic
  4048 | D:5      | Reached skill level 5 in Air Magic
  4048 | D:5      | Reached skill level 5 in Earth Magic
  4048 | D:5      | Reached skill level 5 in Poison Magic
  4052 | D:5      | Killed Menkaure
  4246 | D:5      | Reached skill level 7 in Fighting
  4517 | D:5      | Noticed Eustachio
  4542 | D:5      | Killed Eustachio
  4652 | D:5      | Noticed Grinder
  4665 | D:5      | Paralysed by Grinder for 5 turns
  4675 | D:5      | Killed Grinder
  4676 | D:5      | Reached skill level 8 in Fighting
  4676 | D:5      | Reached XP level 9. HP: 23/70 MP: 0/0
  4676 | D:5      | Learned a level 4 spell: Olgreb's Toxic Radiance
  5715 | D:6      | Reached skill level 9 in Fighting
  5781 | D:6      | Found a staircase to the Ecumenical Temple.
  6138 | D:6      | Found a sparkling altar of Nemelex Xobeh.
  6338 | D:6      | Found a stormy altar of Qazlal.
  6414 | D:6      | Reached XP level 10. HP: 72/79 MP: 0/0
  6842 | D:7      | Noticed Jeremiah
  6855 | D:7      | Killed Jeremiah
  6856 | D:7      | Reached skill level 10 in Fighting
  6961 | D:7      | Noticed Pikel
  6967 | D:7      | Killed Pikel
  7230 | D:7      | Noticed Duvessa
  7238 | D:7      | Noticed Maurice
  7241 | D:7      | Killed Duvessa
  7246 | D:7      | Killed Maurice
  7247 | D:7      | Noticed Dowan
  7252 | D:7      | Killed Dowan
  7689 | D:7      | Found Wiehull's Book Shop.
  7761 | D:8      | Noticed a cyclops
  7851 | D:8      | Killed a cyclops
  7852 | D:8      | Reached skill level 11 in Fighting
  8332 | D:8      | Reached XP level 11. HP: 37/87 MP: 0/0
  8332 | D:8      | Learned a level 4 spell: Petrify
  9036 | D:9      | Reached skill level 12 in Fighting
  9863 | D:10     | Entered Level 10 of the Dungeon
  9999 | D:10     | Found a shadowy altar of Dithmenos.
 10018 | D:10     | Found a snail-covered altar of Cheibriados.
 10094 | D:10     | Found a burning altar of Makhleb.
 10234 | D:10     | Noticed a two-headed ogre
 10247 | D:10     | Killed a two-headed ogre
 10859 | D:10     | Reached skill level 13 in Fighting
 11002 | D:10     | Found an iron altar of Okawaru.
 11355 | D:11     | Found a staircase to the Orcish Mines.
 11549 | D:11     | Reached skill level 10 in Spellcasting
 11549 | D:11     | Reached skill level 10 in Conjurations
 11549 | D:11     | Reached skill level 10 in Hexes
 11549 | D:11     | Reached skill level 10 in Summonings
 11549 | D:11     | Reached skill level 10 in Necromancy
 11549 | D:11     | Reached skill level 10 in Translocations
 11549 | D:11     | Reached skill level 10 in Transmutations
 11549 | D:11     | Reached skill level 10 in Fire Magic
 11549 | D:11     | Reached skill level 10 in Ice Magic
 11549 | D:11     | Reached skill level 10 in Air Magic
 11549 | D:11     | Reached skill level 10 in Earth Magic
 11549 | D:11     | Reached skill level 10 in Poison Magic
 11566 | D:11     | Reached XP level 12. HP: 66/98 MP: 0/0
 11779 | D:11     | Noticed a soul eater
 12176 | D:11     | Noticed a soul eater
 12325 | D:12     | Found Inkoaten's Antique Armour Shop.
 12787 | D:12     | Noticed sammy202020's ghost (journeyman MiFi)
 12791 | D:12     | Noticed a deep troll earth mage
 12791 | D:12     | Noticed a boulder beetle
 12799 | D:12     | Found a runed translucent gate.
 12815 | D:11     | Reached skill level 14 in Fighting
 12849 | D:11     | Noticed a sixfirhy
 13029 | D:12     | Found a runed translucent gate.
 13029 | D:12     | Found a runed translucent gate.
 13575 | D:12     | Noticed a fire crab
 13619 | D:13     | Noticed a vault guard
 13638 | D:13     | Killed a vault guard
 13713 | D:13     | Found a gate to the Vaults.
 13714 | D:13     | Noticed a glowing orange brain
 13715 | D:13     | Noticed a boulder beetle
 13716 | D:13     | Noticed a centaur warrior
 13934 | D:13     | Killed a glowing orange brain
 14042 | D:13     | Noticed a centaur warrior
 14053 | D:13     | Killed a centaur warrior
 14256 | D:13     | Noticed a centaur warrior
 14266 | D:13     | Reached XP level 13. HP: 53/106 MP: 0/0
 14266 | D:13     | Learned a level 5 spell: Freezing Cloud
 14408 | D:13     | Noticed a centaur warrior
 14413 | D:13     | Killed a centaur warrior
 14416 | D:13     | Killed a centaur warrior
 14417 | D:13     | HP: 4/106 [centaur/arrow[a centaur warrior] (5)]
 14422 | D:13     | Reached skill level 15 in Fighting
 14642 | D:13     | Noticed Lodul
 14650 | D:13     | Killed Lodul
 15295 | D:13     | Noticed a five-headed hydra
 15300 | D:13     | Killed a five-headed hydra
 15306 | D:13     | Noticed Rupert
 15544 | D:14     | Noticed a centaur warrior
 15548 | D:14     | Noticed a centaur warrior
 15556 | D:14     | Killed a centaur warrior
 15947 | D:14     | Noticed a centaur warrior
 15960 | D:14     | Noticed a centaur warrior
 15967 | D:14     | Killed a centaur warrior
 15968 | D:14     | Killed a centaur warrior
 15977 | D:14     | Killed a centaur warrior
 16342 | D:14     | Reached skill level 16 in Fighting
 16707 | D:14     | Found a portal to a secret trove of treasure.
 16978 | D:14     | Noticed a seven-headed hydra
 16982 | D:14     | Killed a seven-headed hydra
 17221 | D:15     | Entered Level 15 of the Dungeon
 17221 | D:15     | Noticed Agnes
 17230 | D:14     | Slain by a +2 spectral lajatang

Illustrated notes

Levels and vault maps discovered:
D:1:      minmay_arrival_up_and_down, layout_loops_ring
D:2:      layout_basic, serial_shops, nicolae_shop_gibbet_a_chance,
          kennysheep_generic_room_3, uniq_terence, uniq_robin, uniq_sigmund
D:3:      layout_basic, mainiacjoe_overflow_big_doors,
          gammafunk_ghost_mausoleum, serial_aquarium, aquarium_bridge_square
          [aquarium_subvault_bridge, aquarium_subvault_wall,
          aquarium_subvault_bridge, aquarium_subvault_window],
          aquarium_bridge_square [aquarium_subvault_window,
          aquarium_subvault_window, aquarium_subvault_bridge,
          aquarium_subvault_window], aquarium_window_2, aquarium_window_corner,
          aquarium_window_fake, aquarium_window_1, aquarium_view_2d,
          aquarium_view_2d, aquarium_pool_2
D:4:      layout_gridville
D:5:      layout_rooms, serial_undead, serial_undead_d, serial_undead_c,
          serial_undead_f, serial_undead_e, uniq_grinder, uniq_menkaure,
          uniq_eustachio
D:6:      layout_gridville, nemelex_dance_club_becter,
          nicolae_qazlal_style_of_elements, minmay_temple_entry_slanted,
          chequers_arboretum
D:7:      layout_basic, serial_shops, nicolae_shop_just_a_little_nook,
          uniq_maurice, uniq_duvessa, uniq_jeremiah, uniq_pikel
D:8:      layout_gridville
D:9:      lemuel_ice_statue, layout_stronghold, david_defended_altar_orc
D:10:     layout_stronghold, mainiacjoe_overflow_alcove_1,
          nicolae_overflow_quartered_altars
D:11:     layout_basic, due_lair_maze_entry_diamond, orc_0_dummy,
          portal_ice_cave_entry_pillars_2, serial_demonic, serial_demonic_g,
          serial_demonic_a, serial_demonic_d, serial_demonic_a,
          serial_demonic_c, serial_demonic_d, serial_demonic_b
D:12:     layout_loops_cross, serial_shops, nicolae_shop_hallway_plus,
          gammafunk_ghost_split, kennysheep_generic_room_13
D:13:     layout_roguey, hellmonk_vaults_order_and_chaos, serial_glass,
          glass_columns_c, glass_columns_c, uniq_rupert, uniq_lodul
D:14:     layout_irregular_city, nicolae_trove_entry_columns, grunt_ministairs_6
D:15:     grunt_enter_depths_magical_seal, layout_loops_ring, serial_shops,
          bzr_entry_gold, uniq_nessos, uniq_agnes, uniq_jorgrun

Skill      XL: |  1  2  3  4  5  6  7  8  9 10 11 12 13 |
---------------+----------------------------------------+-----
Spellcasting   | 3 4 6 7 8 10 11 12 | 12.4
Conjurations   | 3 4 6 7 8 10 11 12 | 12.4
Hexes          | 3 4 6 7 8 10 11 12 | 12.4
Summonings     | 3 4 6 7 8 10 11 12 | 12.4
Necromancy     | 3 4 6 7 8 10 11 12 | 12.4
Translocations | 3 4 6 7 8 10 11 12 | 12.4
Transmutations | 3 4 6 7 8 10 11 12 | 12.4
Fire Magic     | 3 4 6 7 8 10 11 12 | 12.4
Ice Magic      | 3 4 6 7 8 10 11 12 | 12.4
Air Magic      | 3 4 6 7 8 10 11 12 | 12.4
Earth Magic    | 3 4 6 7 8 10 11 12 | 12.4
Poison Magic   | 3 4 6 7 8 10 11 12 | 12.4
Fighting       | 4 5 6 8 9 11 13 14 16 | 16.2
Polearms       | |  2.4

Action                     |  1- 3 |  4- 6 |  7- 9 | 10-12 | 13-15 || total
---------------------------+-------+-------+-------+-------+-------++-------
  Melee: Spear             |    85 |       |     5 |    22 |       ||   112
         Dagger            |    37 |   101 |    43 |       |       ||   181
         Punch             |     1 |     1 |       |       |       ||     2
         Trident           |       |       |       |   107 |    32 ||   139
   Cast: Scorch            |     8 |    23 |   135 |   153 |    37 ||   356
         Frozen Ramparts   |       |       |     6 |    25 |     6 ||    37
         Foxfire           |       |       |     4 |    21 |       ||    25
         Olgreb's Toxic Ra |       |       |     3 |    73 |    24 ||   100
         Petrify           |       |       |       |     6 |     1 ||     7
         Blink             |       |       |       |     7 |     2 ||     9
         Freezing Cloud    |       |       |       |       |    15 ||    15
 Invoke: Fiery Armour      |       |       |       |       |     1 ||     1
    Use: Scroll            |       |       |     3 |    11 |     3 ||    17
         Potion            |       |       |       |     2 |     5 ||     7
   Stab: Petrified         |       |       |       |     4 |     6 ||    10
 Armour: Robe              |    44 |    60 |    98 |   175 |   106 ||   483
  Dodge: Dodged            |    67 |    53 |    99 |   167 |    57 ||   443

Table legend: (Time is in decaauts)
 A = Elapsed time spent in this place.
 B = Non-inter-level travel time spent in this place.
 C = Inter-level travel time spent in this place.
 D = Time resting spent in this place.
 E = Time spent auto-exploring this place.
 F = Levels seen in this place.
 G = Mean time per level.
                   A        B        C        D        E       F      G
               +--------+--------+--------+--------+--------+-----+--------+
         Total |  17252 |  16689 |    563 |   6070 |   7738 |  15 | 1150.1 |
       Dungeon |  17252 |  16689 |    563 |   6070 |   7738 |  15 | 1150.1 |
               +--------+--------+--------+--------+--------+-----+--------+

Top non-repeatable levels by time:
    D:10: 1935 daAuts
    D:13: 1860 daAuts
    D:14: 1780 daAuts
     D:5: 1632 daAuts
     D:2: 1364 daAuts
    D:12: 1226 daAuts
     D:9: 1209 daAuts
     D:6: 1158 daAuts
     D:3: 1107 daAuts
     D:1: 1005 daAuts
     D:7: 996 daAuts
     D:8: 939 daAuts
    D:11: 578 daAuts
     D:4: 456 daAuts
    D:15: 1 daAuts
